 Dungeon Crawl Stone Soup version 0.23.0 (console) character file.

Game seed: 9585235598742644937

30773 mys the Slinger (level 13, -16/90 HPs)
             Began as a Demonspawn Chaos Knight on Feb 17, 2019.
             Was a Plaything of Xom.
             Killed from afar by a storm dragon (20 damage)
             ... with a bolt of lightning
             ... on level 14 of the Dungeon.
             The game lasted 01:19:45 (16914 turns).

mys the Slinger (Demonspawn Chaos Knight)          Turns: 16914, Time: 01:19:46

Health: -16/90     AC: 37    Str: 17    XL:     13   Next: 22%
Magic:  0/14       EV:  1    Int: 16    God:    Xom [.*....]
Gold:   1002       SH: 10    Dex: 17    Spells: 12/12 levels left

rFire    + . .     SeeInvis .   a - +6 spear (flame)
rCold    + + .     Gourm    .   y - +0 shield
rNeg     . . .     Faith    .   f - +8 crystal plate armour "Avixypt" {rCorr Int+3}
rPois    .         Spirit   +   (no helmet)
rElec    .         Reflect  .   G - scarf {rC+ rF+}
rCorr    +         Harm     .   J - +0 pair of gloves {Str+3}
MR       +....                  (no boots)
Stlth    ..........             n - amulet of regeneration
HPRegen  0.65/turn              Z - +3 ring of protection
MPRegen  0.14/turn              Y - ring "Zinupn" {rCorr Stlth+}

@: sanguine armour, very slightly contaminated
A: claws 2, blurry vision 2, cold resistance 1, frail 1, magic resistance 1,
shaggy fur 1, spiny 2, magic shield, sanguine armour 1
a: Renounce Religion


You were on level 14 of the Dungeon.
You worshipped Xom.
You were a plaything of Xom.
You were not hungry.

You visited 1 branch of the dungeon, and saw 14 of its levels.
You also visited: Sewer, Bailey and Ice Cave.

You collected 2133 gold pieces.
You spent 1131 gold pieces at shops.

Inventory:

Hand Weapons
 a - a +6 spear of flaming (weapon)
 b - a +9 fustibalus
 U - a +4 war axe of venom
Missiles
 j - 57 sling bullets
 k - 7 javelins (quivered)
 q - 68 stones
 I - 3 throwing nets
Armour
 f - the +8 crystal plate armour "Avixypt" (worn) {rCorr Int+3}
   (You took it off an orc warrior in a bailey)

   It affects your intelligence (+3).
   It provides partial protection from all sources of acid and corrosion.
 y - a +0 shield (worn)
 G - a scarf of resistance (worn)
 J - a +0 pair of gloves of strength (worn)
Jewellery
 n - an amulet of regeneration (around neck)
 w - a +2 ring of slaying
 O - an uncursed ring of flight
 Y - the ring "Zinupn" (right hand) {rCorr Stlth+}
   (You bought it in a shop on level 12 of the Dungeon)

   [ring of resist corrosion]

   It makes you more stealthy.
 Z - a +3 ring of protection (left hand)
Wands
 B - a wand of digging (8)
 D - a wand of enslavement (3)
 F - a wand of scattershot (2)
 K - a wand of flame (6)
 V - a wand of acid (7)
Scrolls
 d - a scroll of magic mapping {unknown}
 h - 3 scrolls of fog
 i - 5 scrolls of teleportation
 l - 6 scrolls of remove curse
 p - a scroll of enchant weapon
 r - 2 scrolls of amnesia
 s - 4 scrolls of fear
 E - 2 scrolls of torment
 L - a scroll of summoning
 N - a scroll of vulnerability
Potions
 e - 2 potions of lignification
 g - 5 potions of curing
 m - 4 potions of agility
 t - 4 potions of magic
 u - 3 potions of brilliance
 v - a potion of might
 A - a potion of haste
 C - a potion of berserk rage
Miscellaneous
 x - a phantom mirror
 P - a sack of spiders
Comestibles
 c - 18 rations
 o - 4 chunks of flesh


   Skills:
 + Level 9.3 Fighting
 + Level 5.8(8.3) Axes
 + Level 9.2(9.9) Polearms
 + Level 12.2 Slings
 + Level 6.5 Armour
 + Level 4.2 Dodging
 + Level 5.4 Stealth
 + Level 5.0 Shields
 + Level 1.6 Evocations


You had 12 spell levels left.
You didn't know any spells.
Your spell library contained the following spells:

 Spells                   Type           Power        Failure   Level  Hunger
 Magic Dart               Conj           #...         100%        1    ##.....
 Shock                    Conj/Air       #...         100%        1    ##.....
 Searing Ray              Conj           #.....       100%        2    ###....
 Swiftness                Chrm/Air       #.......     100%        2    ###....
 Dazzling Spray           Conj/Hex       #.....       100%        3    ####...
 Ignite Poison            Fire/Tmut/Pois #.......     100%        3    ####...
 Static Discharge         Conj/Air       #.......     100%        3    ####...
 Airstrike                Air            #.........   100%        4    #####..
 Force Lance              Conj/Tloc      #.......     100%        4    #####..
 Fulminant Prism          Conj/Hex       #.........   100%        4    #####..
 Ice Form                 Ice/Tmut       #.......     100%        4    #####..
 Iskenderun's Mystic Bla  Conj           #.......     100%        4    #####..
 Alistair's Intoxication  Tmut/Pois      #.......     100%        5    ######.
 Fireball                 Conj/Fire      #.........   100%        5    ######.
 Lightning Bolt           Conj/Air       #.........   100%        5    ######.
 Bolt of Fire             Conj/Fire      #.........   100%        6    #######
 Hydra Form               Tmut           #.........   100%        6    #######
 Statue Form              Tmut/Erth      #........    100%        6    #######
 Ring of Flames           Chrm/Fire      #.........   100%        7    #######
 Summon Hydra             Summ           #.........   100%        7    #######
 Ignition                 Fire           #.........   100%        8    #######


Dungeon Overview and Level Annotations

Branches:
Dungeon (14/15)            Temple (0/1) D:6            Lair (0/6) D:11
    Orc (0/2) D:10
 Vaults: D:13-14

Altars:
Cheibriados
Dithmenos
Elyvilon
Fedhas
Hepliaklqana
Makhleb
Nemelex Xobeh
Qazlal
Ru
Sif Muna
Trog
Uskayaw
Wu Jian
Xom
Yredelemnul

Shops:
D:12 =

Annotations:
D:7 2 transporters, Enish's ghost, novice MiBe
D:12 Stash
D:13 1 transporter, Xyoprad's ghost, journeyman FoFi


Innate Abilities, Weirdness & Mutations

You have very sharp fingernails.
You are mostly covered in sharp spines.
When hurt, damage is shared between your health and your magic reserves.
When seriously injured, your bleeding wounds create armour. (AC +6)
Scrolls take you longer to read.
Your flesh is cold resistant. (rC+)
You are frail. (-10% HP)
You are resistant to hostile enchantments. (MR+)
You are covered in fur. (AC +1)


Message History

The storm dragon bites you! You block the storm dragon's attack.
The storm dragon tramples you but does no damage.
The vault guard hits you.
Blink to where?
Press: ? - help, Dir - move target cursor You are very lightly contaminated with residual magic.
As you read the scroll of blinking, it crumbles to dust.
Evoke which item? (* to show all) (? for menu, Esc to quit)
Aiming: Corrosive Bolt
Press: ? - help, Shift-Dir - straight line, f - storm dragon
Aim: a storm dragon (moderately wounded)
The bolt of acid hits the storm dragon!
The storm dragon is splashed with acid.
The acid corrodes the storm dragon!
The storm dragon is moderately wounded.
The storm dragon breathes lightning at you.
The bolt of lightning hits you!!
* * * LOW HITPOINT WARNING * * *
The bolt of lightning hits you!!
You die...
Xom chuckles heartily!

#.......# ##
#.......# .#
###'##### .# #.#
.# ###)##### .#
#.......#
.#######.......#
.......+.......#
.#######.......#
## #.......####
.# #........@)#
## #.......##.#
.# #####(####)#
## #.# #D# .#
#.# #.# ## #.
#p# # #.# # #(#
# p ..# p ###


You could see a storm dragon, a vault guard and a friendly +0 war axe.

Vanquished Creatures
  An ettin (D:12)
  2 vault guards (D:14)
  A hydra (D:11)
  Erolcha (D:10)
  A centaur warrior (D:13)
  4 two-headed ogres
  A death yak (D:11)
  An unseen horror (D:13)
  A shining eye (D:10)
  2 ugly things (IceCv)
  3 cyclopes
  2 manticores
  Maurice (D:10)
  3 ice statues (IceCv)
  A water nymph (D:13)
  2 kobold demonologists
  2 trolls
  A jumping spider (D:10)
  4 hornets
  5 hippogriffs
  A shadow (D:13)
  A centaur simulacrum (D:11)
  Sigmund (D:5)
  9 yaks
  2 hungry ghosts
  3 vampire mosquitoes (D:14)
  A spatial vortex (D:11)
  A warg (D:10)
  2 soldier ants
  2 water moccasins
  A meliai simulacrum (D:11)
  2 porcupines (D:11)
  17 orc warriors
  2 eyes of draining
  8 black bears
  A phantom (D:5)
  14 ice beasts
  3 sky beasts
  7 ogres
  12 centaurs
  A big kobold (D:11)
  8 bullfrogs
  2 gnoll sergeants
  A wyvern skeleton (D:11)
  12 killer bees
  4 electric eels (D:11)
  3 wights (D:7)
  2 howler monkeys
  A centaur zombie (D:12)
  5 crimson imps
  3 bullfrog zombies
  3 centaur skeletons (D:4)
  3 orc priests
  A wyvern simulacrum (D:12)
  4 hounds
  A quasit (D:13)
  6 jellies
  7 orc wizards
  7 iguanas
  11 worker ants
  5 hound skeletons
  8 gnolls
  13 adders
  A river rat (D:14)
  4 shadow imps
  13 white imps
  An ufetubus (D:11)
  An ooze (D:4)
  An adder zombie (D:8)
  An adder skeleton (D:7)
  A worm (D:6)
  2 leopard geckos (D:3)
  33 orcs
  10 giant cockroaches
  2 goblins (D:2)
  A hobgoblin (D:2)
  11 jackals
  4 quokkas
  4 ball pythons
  4 bats
  5 frilled lizards (Sewer)
  21 kobolds
  A leopard gecko skeleton (D:4)
  4 rats
  4 plants
369 creatures vanquished.

Vanquished Creatures (collateral kills)
  A centaur warrior (D:13)
  A two-headed ogre (D:13)
  A centaur zombie (D:13)
  An efreet (D:13)
  A troll (D:13)
  A wraith (D:13)
  5 yaks
  7 orc warriors
  2 ogres
  An eye of draining (D:3)
  2 scorpions
  An orc priest (D:13)
  2 orc wizards
  A hound skeleton (D:11)
  A gnoll (D:11)
  2 orcs (Bailey)
  A giant cockroach (D:13)
31 creatures vanquished.

Vanquished Creatures (others)
  A guardian serpent (D:10)
  An orc warrior (Bailey)
  A yak (D:10)
  A black bear (D:11)
  A centaur (D:11)
  A howler monkey (D:11)
  An orc (Bailey)
  48 fungi (D:11)
  39 plants
94 creatures vanquished.

Grand Total: 494 creatures vanquished

Notes
Turn   | Place    | Note
-------+----------+-------------------------------------------
     0 | D:1      | mys the Demonspawn Chaos Knight began the quest for the
                  | Orb.
     0 | D:1      | Reached XP level 1. HP: 18/18 MP: 1/1
   177 | D:1      | You fall through a shaft!
   288 | D:2      | Found a burning altar of Makhleb.
   290 | D:2      | Found a sparkling altar of Nemelex Xobeh.
   290 | D:2      | Found a white marble altar of Elyvilon.
   292 | D:2      | Found a sparkling altar of Nemelex Xobeh.
   292 | D:2      | Found a shimmering altar of Xom.
   292 | D:2      | Found a hide-covered altar of Uskayaw.
   319 | D:2      | Gained mutation: You have sharp fingernails. [demonic
                  | ancestry]
   319 | D:2      | Reached XP level 2. HP: 17/24 MP: 2/2
   323 | D:2      | XOM: cloud trail
   416 | D:2      | XOM: harmless Tmut miscast
   641 | D:2      | Reached XP level 3. HP: 27/29 MP: 3/3
   914 | D:2      | Found a faded altar of an unknown god.
  1017 | D:3      | Reached skill level 1 in Dodging
  1017 | D:3      | Reached XP level 4. HP: 29/37 MP: 4/4
  1044 | D:3      | XOM: harmless Air miscast
  1165 | D:3      | Found a glowing drain.
  1175 | Sewer    | Entered a sewer
  2035 | D:3      | Gained mutation: When hurt, damage is shared between your
                  | health and your magic reserves. [demonic ancestry]
  2035 | D:3      | Reached XP level 5. HP: 42/42 MP: 5/5
  2111 | D:3      | XOM: give mutation
  2111 | D:3      | Gained mutation: You occasionally shout uncontrollably at
                  | your foes. [Xom's mischief]
  2183 | D:3      | Found a basalt altar of Yredelemnul.
  2223 | D:3      | XOM: cloud trail
  2226 | D:3      | Found a bloodstained altar of Trog.
  2226 | D:3      | Noticed an eye of draining
  2226 | D:3      | Noticed an eye of draining
  2236 | D:3      | XOM: cast spell 'Statue Form'
  2242 | D:3      | XOM: fog
  2244 | D:3      | XOM: summons 2 friendly demons
  2248 | D:3      | XOM: give mutations
  2248 | D:3      | Gained mutation: You are agile. (Dex +2) [Xom's grace]
  2248 | D:3      | Gained mutation: You have a pair of small horns on your
                  | head. [Xom's grace]
  2248 | D:3      | Gained mutation: Your spells are a little harder to cast,
                  | but a little more powerful. [Xom's grace]
  2248 | D:3      | Gained mutation: You have large cloven feet. [Xom's grace]
  2249 | D:3      | Killed an eye of draining
  2249 | D:3      | Reached skill level 1 in Stealth
  2250 | D:3      | Killed an eye of draining
  2250 | D:3      | Gained mutation: You are partially covered in sharp spines.
                  | [demonic ancestry]
  2250 | D:3      | Reached XP level 6. HP: 48/48 MP: 0/6
  2285 | D:3      | XOM: god gift: glowing fustibalus {god gift}
  2478 | D:4      | XOM: summons 6 friendly demons
  2514 | D:4      | Reached skill level 5 in Polearms
  2611 | D:4      | Gained mutation: When seriously injured, your bleeding
                  | wounds create armour. (AC +6) [demonic ancestry]
  2611 | D:4      | Reached XP level 7. HP: 49/55 MP: 1/7
  2681 | D:4      | Lost mutation: You have large cloven feet. [potion of
                  | mutation]
  2681 | D:4      | Lost mutation: You occasionally shout uncontrollably at
                  | your foes. [potion of mutation]
  2681 | D:4      | Lost mutation: You have a pair of small horns on your head.
                  | [potion of mutation]
  2681 | D:4      | Gained mutation: Your flesh is cold resistant. (rC+)
                  | [potion of mutation]
  2681 | D:4      | Gained mutation: You have sharp toenails. [potion of
                  | mutation]
  2682 | D:4      | Lost mutation: Your spells are a little harder to cast, but
                  | a little more powerful. [potion of mutation]
  2682 | D:4      | Lost mutation: You are agile. (Dex +2) [potion of mutation]
  2682 | D:4      | Lost mutation: You have sharp toenails. [potion of
                  | mutation]
  2682 | D:4      | Gained mutation: Scrolls take you a little longer to read.
                  | [potion of mutation]
  2682 | D:4      | Gained mutation: You tend to lose your temper in combat.
                  | [potion of mutation]
  2682 | D:4      | Gained mutation: You are covered in fur. (AC +1) [potion of
                  | mutation]
  2683 | D:4      | Lost mutation: Scrolls take you a little longer to read.
                  | [potion of mutation]
  2683 | D:4      | Lost mutation: You tend to lose your temper in combat.
                  | [potion of mutation]
  2683 | D:4      | Gained mutation: You are frail. (-10% HP) [potion of
                  | mutation]
  2683 | D:4      | Gained mutation: You are resistant to hostile enchantments.
                  | (MR+) [potion of mutation]
  2860 | D:4      | XOM: god gift: scroll of teleportation
  2885 | D:4      | XOM: silly message
  2968 | D:4      | XOM: scenery: create altars
  3275 | D:5      | Entered Level 5 of the Dungeon
  3371 | D:5      | Noticed Sigmund
  3378 | D:5      | Killed Sigmund
  3378 | D:5      | Reached XP level 8. HP: 54/54 MP: 2/8
  3389 | D:5      | Reached skill level 5 in Fighting
  3491 | D:5      | Found a shadowy altar of Dithmenos.
  3624 | D:5      | Found a hazy altar of Hepliaklqana.
  3869 | D:5      | XOM: give mutations
  3869 | D:5      | Gained mutation: Your spells are a little harder to cast,
                  | but a little more powerful. [Xom's grace]
  3869 | D:5      | Gained mutation: You have a pair of small horns on your
                  | head. [Xom's grace]
  4172 | D:5      | XOM: harmless Tloc miscast
  4666 | D:6      | Found a staircase to the Ecumenical Temple.
  4668 | D:6      | XOM: fog
  4834 | D:6      | Found a snail-covered altar of Cheibriados.
  4937 | D:6      | Found a blossoming altar of Fedhas.
  5136 | D:6      | Found a shadowy altar of Dithmenos.
  5138 | D:6      | Found a deep blue altar of Sif Muna.
  5347 | D:6      | XOM: cloud trail
  5386 | D:6      | Reached skill level 1 in Slings
  5633 | D:7      | Found a snail-covered altar of Cheibriados.
  5645 | D:7      | Reached XP level 9. HP: 35/61 MP: 1/9
  5646 | D:7      | Reached skill level 5 in Stealth
  5653 | D:7      | Reached skill level 2 in Slings
  5762 | D:7      | Found an ornate altar of the Wu Jian Council.
  5894 | D:7      | Found a sacrificial altar of Ru.
  5962 | D:7      | Found a sparkling altar of Nemelex Xobeh.
  6024 | D:7      | Found a transporter.
  6026 | D:7      | Noticed Enish's ghost (novice MiBe)
  6054 | D:7      | XOM: enchant monster (bad)
  6074 | D:7      | XOM: harmless Tloc miscast
  6084 | D:7      | XOM: divination: magic mapping
  6088 | D:7      | XOM: harmless Ice miscast
  6117 | D:7      | XOM: noise
  6225 | D:7      | Found a transporter.
  6295 | D:7      | Reached skill level 3 in Slings
  6295 | D:7      | Reached skill level 1 in Shields
  6570 | D:7      | XOM: mild Tmut miscast
  6720 | D:7      | XOM: divination: detect items
  6777 | D:8      | Reached skill level 4 in Slings
  6789 | D:8      | XOM: 7-stop teleportation journey
  6890 | D:8      | XOM: harmless Chrm miscast
  7116 | D:8      | XOM: harmless Hex miscast
  7121 | D:8      | Reached skill level 5 in Slings
  7237 | D:8      | XOM: cast spell 'Summon Butterflies'
  7379 | D:8      | XOM: harmless Erth miscast
  7590 | D:9      | XOM: cast spell 'Summon Hydra'
  7592 | D:9      | Reached skill level 6 in Slings
  7636 | D:9      | Gained mutation: You have very sharp fingernails. [demonic
                  | ancestry]
  7636 | D:9      | Reached XP level 10. HP: 18/69 MP: 2/10
  7701 | D:8      | XOM: scenery: create altars
  7789 | D:8      | XOM: noise
  8118 | D:9      | XOM: give mutations
  8118 | D:9      | Lost mutation: You have a pair of small horns on your head.
                  | [Xom's mischief]
  8118 | D:9      | Gained mutation: Scrolls take you a little longer to read.
                  | [Xom's mischief]
  8118 | D:9      | Gained mutation: Your body sometimes deteriorates upon
                  | taking damage. [Xom's mischief]
  8125 | D:9      | XOM: mild Ice miscast
  8296 | D:9      | Found a burning altar of Makhleb.
  8345 | D:9      | XOM: severe Pois miscast
  8352 | D:9      | XOM: give mutations
  8352 | D:9      | Gained mutation: You are clumsy. (Dex -2) [Xom's mischief]
  8352 | D:9      | Gained mutation: You occasionally shout uncontrollably at
                  | your foes. [Xom's mischief]
  8457 | D:9      | XOM: severe Ice miscast
  8508 | D:9      | XOM: harmless Conj miscast
  8520 | D:9      | XOM: give mutations
  8520 | D:9      | Lost mutation: Your spells are a little harder to cast, but
                  | a little more powerful. [Xom's mischief]
  8520 | D:9      | Lost mutation: Your body sometimes deteriorates upon taking
                  | damage. [Xom's mischief]
  8604 | D:9      | Found a stormy altar of Qazlal.
  8762 | D:10     | Entered Level 10 of the Dungeon
  8766 | D:10     | Noticed Harold
  8767 | D:10     | Noticed Harold
  8767 | D:10     | Harold changed into Harold the shining eye
  8767 | D:10     | XOM: polymorph Harold -> Harold the shining eye
  8771 | D:10     | XOM: blink monster(s)
  8772 | D:10     | Noticed Maurice
  8773 | D:10     | XOM: summons 3 hostile shadow creatures
  8823 | D:9      | XOM: harmless Tloc miscast
  8991 | D:10     | Gained mutation: Your spells are a little easier to cast,
                  | but a little less powerful. [Harold]
  8992 | D:10     | XOM: summons 5 hostile demons
  9100 | D:10     | Gained mutation: You tend to lose your temper in combat.
                  | [Harold]
  9102 | D:10     | Gained mutation: You are weak. (Str -2) [Harold]
  9107 | D:10     | XOM: silly message
  9108 | D:10     | Gained mutation: Your body sometimes deteriorates upon
                  | taking damage. [Harold]
  9109 | D:10     | Killed Harold the shining eye
  9109 | D:10     | Reached skill level 7 in Slings
  9137 | D:10     | XOM: chaos cloud
  9153 | D:10     | Noticed a guardian serpent
  9153 | D:10     | a yak changed into a guardian serpent
  9156 | D:10     | Found a flagged portal.
  9162 | Bailey   | Entered a bailey
  9163 | Bailey   | XOM: chaos cloud
  9177 | Bailey   | XOM: summons 5 hostile demons
  9190 | Bailey   | Identified the +8 crystal plate armour "Avixypt" {rCorr
                  | Int+3}
  9310 | Bailey   | XOM: enchant monster (good)
  9312 | Bailey   | Killed an orc warrior
  9312 | Bailey   | Reached skill level 8 in Slings
  9312 | Bailey   | Reached skill level 1 in Evocations
  9352 | Bailey   | XOM: 10-stop teleportation journey
  9667 | D:10     | XOM: god gift: weird smoking staff {god gift}
  9675 | D:10     | XOM: 8-stop teleportation journey
  9690 | D:10     | XOM: god gift: chain mail {god gift}
  9813 | D:10     | XOM: divination: detect items
  9829 | D:10     | Killed a guardian serpent
  9829 | D:10     | Reached skill level 1 in Axes
  9829 | D:10     | XOM: divine lightning
  9838 | D:10     | XOM: god gift: scroll of immolation
  9896 | D:10     | XOM: god gift: 48 gold pieces
 10178 | D:10     | XOM: give mutations
 10178 | D:10     | Lost mutation: You are frail. (-10% HP) [Xom's mischief]
 10178 | D:10     | Lost mutation: You are weak. (Str -2) [Xom's mischief]
 10178 | D:10     | Gained mutation: You sometimes yell uncontrollably at your
                  | foes. [Xom's mischief]
 10178 | D:10     | Lost mutation: Your spells are a little easier to cast, but
                  | a little less powerful. [Xom's mischief]
 10217 | D:10     | Lost mutation: You tend to lose your temper in combat.
                  | [potion of mutation]
 10217 | D:10     | Lost mutation: You sometimes yell uncontrollably at your
                  | foes. [potion of mutation]
 10217 | D:10     | Lost mutation: Your body sometimes deteriorates upon taking
                  | damage. [potion of mutation]
 10217 | D:10     | Lost mutation: You are clumsy. (Dex -2) [potion of
                  | mutation]
 10217 | D:10     | Gained mutation: You are frail. (-10% HP) [potion of
                  | mutation]
 10217 | D:10     | Lost mutation: You are frail. (-10% HP) [potion of
                  | mutation]
 10424 | D:10     | Noticed a glowing shapeshifter
 10424 | D:10     | an orc priest changed into a glowing shapeshifter
 10424 | D:10     | XOM: polymorph orc priest -> glowing shapeshifter
 10424 | D:10     | Noticed a six-headed hydra
 10424 | D:10     | a glowing shapeshifter changed into a six-headed hydra
 10425 | D:10     | Noticed an ice dragon
 10425 | D:10     | a six-headed hydra changed into an ice dragon
 10427 | D:10     | an ice dragon changed into a tyrant leech
 10428 | D:10     | Reached skill level 9 in Slings
 10428 | D:10     | Gained mutation: You are mostly covered in sharp spines.
                  | [demonic ancestry]
 10428 | D:10     | Reached XP level 11. HP: 42/84 MP: 6/11
 10652 | D:10     | Killed Maurice
 10719 | D:10     | Noticed Erolcha
 10729 | D:10     | Killed Erolcha
 10734 | D:10     | Found a staircase to the Orcish Mines.
 10826 | D:10     | Noticed a two-headed ogre
 10839 | D:10     | XOM: harmless Tmut miscast
 10843 | D:10     | XOM: give mutations
 10843 | D:10     | Gained mutation: You are frail. (-10% HP) [Xom's mischief]
 10843 | D:10     | Gained mutation: Armour fits poorly on your strangely
                  | shaped body. [Xom's mischief]
 10849 | D:10     | Killed a two-headed ogre
 11007 | D:10     | XOM: summons 3 hostile shadow creatures
 11357 | D:11     | Noticed a four-headed hydra
 11360 | D:11     | XOM: severe Chrm miscast
 11371 | D:11     | XOM: swap monsters
 11379 | D:11     | Killed a four-headed hydra
 11580 | D:11     | XOM: mild Summ miscast
 11630 | D:11     | XOM: destruction
 11632 | D:11     | XOM: blink monster(s)
 11635 | D:11     | XOM: potion effect (magic)
 11771 | D:11     | Noticed a death yak
 11780 | D:11     | XOM: enchant monster (bad)
 11799 | D:11     | Killed a death yak
 11838 | D:11     | XOM: mild Summ miscast
 11904 | D:11     | XOM: cast spell 'Discord'
 11914 | D:11     | Reached skill level 5 in Armour
 11931 | D:11     | Found a staircase to the Lair.
 12027 | D:11     | XOM: confuse monster(s)
 12073 | D:11     | Reached skill level 10 in Slings
 12213 | D:11     | Noticed a two-headed ogre
 12219 | D:11     | XOM: scenery: 1 doors close
 12223 | D:11     | XOM: silly message
 12229 | D:11     | XOM: noise
 12232 | D:10     | XOM: confuse monster(s)
 12238 | D:10     | Killed a two-headed ogre
 12253 | D:10     | XOM: harmless Hex miscast
 12724 | D:11     | Noticed a two-headed ogre
 12730 | D:11     | XOM: butterfly on damage
 12754 | D:11     | Killed a two-headed ogre
 12754 | D:11     | Reached skill level 5 in Axes
 12754 | D:11     | Reached XP level 12. HP: 15/82 MP: 1/12
 13106 | D:12     | Found a frozen archway.
 13217 | IceCv    | Entered an ice cave
 13228 | IceCv    | XOM: fog
 13265 | IceCv    | XOM: summons 1 hostile shadow creature
 13274 | IceCv    | XOM: smoke on damage
 13516 | IceCv    | XOM: cloud trail
 13561 | IceCv    | XOM: fake destruction
 13687 | IceCv    | XOM: cloud trail
 13690 | IceCv    | XOM: summons friendly white imp
 13695 | IceCv    | XOM: divination: detect creatures
 13759 | IceCv    | XOM: 1-stop teleportation journey
 13966 | IceCv    | XOM: fog
 13970 | IceCv    | XOM: cast spell 'Summon Ice Beast'
 13989 | IceCv    | XOM: summons friendly ufetubus
 13990 | IceCv    | XOM: 2-stop teleportation journey
 14159 | IceCv    | XOM: confuse monster(s)
 14420 | D:12     | Reached skill level 11 in Slings
 14560 | D:12     | XOM: enchant monster (good)
 14564 | D:12     | XOM: confusion
 14565 | D:12     | XOM: mild Chrm miscast
 14566 | D:12     | Noticed an ettin
 14566 | D:12     | a titanic slime creature changed into an ettin
 14566 | D:12     | XOM: polymorph titanic slime creature -> ettin
 14575 | D:12     | XOM: medium Tmut miscast
 14583 | D:12     | XOM: swap monsters
 14695 | D:12     | XOM: chaos upgrade
 14726 | D:12     | XOM: 3-stop teleportation journey
 14826 | D:12     | Found a burning altar of Makhleb.
 14858 | D:12     | XOM: scenery: create altars
 14865 | D:12     | XOM: give mutations
 14865 | D:12     | Lost mutation: You occasionally shout uncontrollably at
                  | your foes. [Xom's mischief]
 14865 | D:12     | Lost mutation: Armour fits poorly on your strangely shaped
                  | body. [Xom's mischief]
 14865 | D:12     | Gained mutation: Scrolls take you longer to read. [Xom's
                  | mischief]
 14868 | D:13     | XOM: god gift: scale mail {god gift}
 14882 | D:13     | XOM: 5-stop teleportation journey
 15070 | D:13     | XOM: summons 3 friendly demons
 15098 | D:13     | Noticed Xyoprad's ghost (journeyman FoFi)
 15103 | D:13     | XOM: polymorph orc -> giant cockroach
 15119 | D:13     | XOM: cast spell 'Summon Dragon'
 15131 | D:13     | Identified the +5 great sword "Giuzxun" {drain, Int+7}
 15134 | D:13     | Identified the +4 halberd "Leaguago" {chaos, +Rage rC+
                  | Str+2}
 15134 | D:13     | Noticed a tengu warrior
 15164 | D:13     | Found a bloodstained altar of Trog.
 15165 | D:13     | Found a transporter.
 15165 | D:13     | Noticed a two-headed ogre
 15188 | D:13     | Noticed a two-headed ogre
 15193 | D:13     | Noticed a centaur warrior
 15194 | D:13     | Killed a two-headed ogre
 15200 | D:13     | Killed a centaur warrior
 15265 | D:13     | Identified Xom's Compendium of Might (Xom gifted it to you
                  | on level 13 of the Dungeon)
 15265 | D:13     | XOM: god gift: Xom's Compendium of Might
 15308 | D:13     | Noticed a fire dragon
 15345 | D:12     | XOM: 8-stop teleportation journey
 15464 | D:12     | XOM: 3-stop teleportation journey
 15524 | D:12     | XOM: divination: detect creatures
 15541 | D:12     | XOM: cast spell 'Ring of Flames'
 15543 | D:12     | Killed an ettin
 15785 | D:12     | Found Goux's Jewellery Shop.
 15807 | D:12     | Bought the ring "Zinupn" {rCorr Stlth+} for 417 gold pieces
 15807 | D:12     | Bought a +3 ring of protection for 294 gold pieces
 15807 | D:12     | Bought an uncursed amulet of regeneration for 420 gold
                  | pieces
 15991 | D:13     | Noticed a two-headed ogre
 16002 | D:13     | Killed a two-headed ogre
 16002 | D:13     | XOM: summons friendly iron imp
 16075 | D:13     | Noticed a two-headed ogre
 16076 | D:13     | a two-headed ogre changed into a water nymph
 16076 | D:13     | XOM: polymorph two-headed ogre -> water nymph
 16307 | D:13     | Noticed a centaur warrior
 16321 | D:13     | Killed a centaur warrior
 16321 | D:13     | Reached skill level 12 in Slings
 16321 | D:13     | Reached XP level 13. HP: 83/90 MP: 11/14
 16356 | D:13     | XOM: cast spell 'Summon Butterflies'
 16365 | D:13     | XOM: polymorph butterfly -> ooze
 16396 | D:14     | XOM: polymorph kobold -> river rat
 16613 | D:14     | XOM: summons 2 friendly demons
 16628 | D:14     | XOM: enchant monster (good)
 16674 | D:14     | XOM: mild Air miscast
 16687 | D:14     | Identified a scroll of acquirement
 16762 | D:14     | XOM: 3-stop teleportation journey
 16835 | D:14     | XOM: cleaving
 16875 | D:14     | XOM: divination: detect creatures
 16879 | D:14     | XOM: mild Summ miscast
 16880 | D:14     | Reached skill level 5 in Shields
 16899 | D:14     | Noticed a storm dragon
 16899 | D:14     | a vault guard changed into a storm dragon
 16899 | D:14     | XOM: polymorph vault guard -> storm dragon
 16914 | D:14     | HP: 4/90 [storm dragon/bolt of lightning (32)]
 16914 | D:14     | Killed from afar by a storm dragon

Skill      XL: |  1  2  3  4  5  6  7  8  9 10 11 12 13 |
---------------+----------------------------------------+-----
Polearms       | 3 4 5 6 7 8 9 |  9.2
Armour         | 2 3 4 5 6 |  6.5
Dodging        | 1 2 3 4 |  4.2
Fighting       | 4 5 6 7 8 9 |  9.3
Stealth        | 1 2 3 4 5 |  5.4
Slings         | 1 6 9 10 12 | 12.2
Shields        | 1 2 3 4 5 |  5.0
Evocations     | 1 |  1.6
Axes           | 1 5 |  5.8

Action                   |  1- 3 |  4- 6 |  7- 9 | 10-12 | 13-15 || total
-------------------------+-------+-------+-------+-------+-------++-------
Melee: Spear             |    54 |   233 |       |   187 |   161 ||   635
       Kick              |       |     4 |     4 |       |       ||     8
       Headbutt          |       |     1 |    21 |       |       ||    22
       Trident           |       |    13 |   252 |     5 |       ||   270
       War axe           |       |       |     4 |   324 |       ||   328
 Fire: Fustibalus        |       |       |    96 |   372 |     3 ||   471
Throw: Javelin           |       |       |     3 |       |     1 ||     4
Evoke: Wand              |       |       |       |    15 |     3 ||    18
       Sack of spiders   |       |       |       |     1 |       ||     1
  Use: Scroll            |     5 |       |    14 |    11 |     5 ||    35
       Potion            |       |       |     3 |    23 |     1 ||    27
 Stab: Paralysed         |     1 |     4 |       |       |       ||     5
       Sleeping          |     1 |     1 |     9 |       |       ||    11
       Petrified         |       |     2 |       |       |       ||     2
       Petrifying        |       |       |       |     3 |       ||     3
       Confused          |       |       |       |     2 |       ||     2
       Distracted        |       |       |       |     1 |       ||     1
  Eat: Chunk             |       |     6 |    15 |    24 |     2 ||    47
       Ration            |       |       |     1 |     2 |       ||     3
Armor: Leather armour    |    25 |    60 |    64 |    28 |       ||   177
       Crystal plate arm |       |       |       |   392 |    62 ||   454
       Skin              |       |       |       |    13 |       ||    13
Dodge: Dodged            |    40 |    56 |   111 |    55 |     2 ||   264
Block: Shield            |       |       |    42 |   270 |    43 ||   355
